 Dungeon Crawl Stone Soup version 0.31.0-11-ge490571c62 (webtiles) character file.

Game seed: 3849150306266633626

491 monsoonserge the Charlatan (level 6, 0/30 HPs)
             Began as a Spriggan Artificer on Feb 3, 2024.
             Killed by divine providence
             ... invoked by an orc priest
              (10 damage)
             ... on level 5 of the Dungeon.
             The game lasted 00:10:32 (3464 turns).

monsoonserge the Charlatan (Spriggan Artificer)     Turns: 3464, Time: 00:10:33

Health: 0/30       AC:  3    Str:  8    XL:     6   Next: 91%
Magic:  7/7        EV: 20    Int: 12    God:
Gold:   49         SH:  0    Dex: 21    Spells: 5/5 levels left

rFire   . . .        k - +3 dagger
rCold   . . .        (no shield)
rNeg    . . .        l - +1 robe "Seamealu" {+Blink Dex+3}
rPois   .            (helmet restricted)
rElec   .            (no cloak)
rCorr   .            (gloves unavailable)
SInv    +            (boots unavailable)
Will    +....        (no amulet)
Stlth   ++           (no ring)
HPRegen 0.25/turn    (no ring)
MPRegen 0.10/turn

%: no passive effects
@: on blink cooldown, very quick
A: very small, no large weapons, unfitting armour, see invisible, speed 3
a: Evoke Blink


You were on level 5 of the Dungeon.
You visited 1 branch of the dungeon, and saw 5 of its levels.

You collected 238 gold pieces.
You spent 189 gold pieces at shops.

Inventory:

Hand Weapons
 k - a +3 dagger (weapon)
Armour
 l - the +1 robe "Seamealu" (worn) {+Blink Dex+3}
   (You bought it in a shop on level 2 of the Dungeon)

   Dex+3:     It affects your dexterity (+3).
   +Blink:    It lets you blink.
Magical Staves
 p - a staff of fire
Talismans
 u - a storm talisman
Wands
 c - a wand of flame (29) (quivered)
 d - a wand of charming (21)
 e - a wand of iceblast (5)
 v - a wand of polymorph (5)
Scrolls
 b - a scroll of poison {unknown}
 g - a scroll of immolation {unknown}
 h - 2 scrolls of revelation {unknown}
 j - a scroll of enchant armour {unknown}
 m - a scroll of blinking {unknown}
 n - 3 scrolls of teleportation {unknown}
 s - a scroll of silence {unknown}
 t - 2 scrolls of identify {unknown}
 w - a scroll of amnesia {unknown}
 x - a scroll of fog {unknown}
Potions
 f - a potion of enlightenment {unknown}
 i - 2 potions of brilliance {unknown}
 o - a potion of attraction {unknown}
 q - a potion of mutation {unknown}
 r - 2 potions of curing
 z - a potion of heal wounds {unknown}


   Skills:
 + Level 1.4 Fighting
 * Level 5.7 Short Blades
 + Level 4.8 Dodging
 - Level 2.0 Stealth
 + Level 6.0 Evocations


You had 5 spell levels left.
You didn't know any spells.
Your spell library was empty.

Dungeon Overview and Level Annotations

Branches:
Dungeon (5/15)
 Temple: D:4-7

Altars:
Sif Muna

Shops:
D:2 [[*[

Annotations:
D:4 Robin


Innate Abilities, Weirdness & Mutations

You are very small and have problems with some larger weapons.
You are too small for most types of armour.
You have supernaturally acute eyesight. (SInv)
You cover ground extremely quickly. (Speed+++)


Message History

The hobgoblin shouts!
You hit the iguana but do no damage.
The iguana is lightly wounded.
Robin says, "Feeling lonely?"
Robin roars a battlecry!
The hobgoblin goes into a battle-frenzy!
The iguana bites you.
There is a stone staircase leading down here.
The iguana bites you. Robin throws the goblin at you!
You climb downwards.
There is a stone staircase leading up here.
The helpless orc fails to defend itself.
You impale the orc!!
You kill the orc!
You hit the orc priest.
The orc priest is lightly wounded.
The orc priest misses you. The iguana closely misses you.
You hit the orc priest.
The orc priest is moderately wounded.
The orc priest hits you with a +0 flail.
The iguana misses you.
You hit the orc priest.
The orc priest is severely wounded.
You hit the orc priest.
The orc priest is almost dead.
The orc priest misses you. The iguana bites you!
* * * LOW HITPOINT WARNING * * *
Aiming: Charm
Press: ? - help, Shift-Dir - straight line, f - orc priest
Aim: an orc priest, wielding a +0 flail (almost dead, chance to affect: 64%)
The orc priest struggles to resist.
The orc priest invokes the aid of Beogh against you.
You resist with significant effort. The iguana misses you.
Unknown command.
Okay, then.
Unknown command.
You blink.
Found a sedimented brown potion.
The orc priest mumbles some strange prayers to Beogh against you.
Beogh smites you!
You die...

### #o#
#o# #o#
#ยง#
#l########
#.@..!....
####......
##.##


You could see an iguana, an orc priest and 2 orcs.

Vanquished Creatures
  2 black bears (D:4)
  A scorpion (D:4)
  A hound (D:3)
  Ijyb (D:4)
  An iguana (D:3)
  An orc wizard (D:4)
  2 gnolls (D:3)
  5 adders
  A ribbon worm (D:3)
  3 orcs
  6 endoplasms
  3 hobgoblins (D:3)
  7 jackals
  A quokka (D:1)
  5 ball pythons
  4 bats
  4 frilled lizards
  20 goblins
  5 kobolds
  6 rats
79 creatures vanquished.

Vanquished Creatures (others)
  A goblin (D:4)
1 creature vanquished.

Grand Total: 80 creatures vanquished

Notes
Turn   | Place    | Note
-------+----------+-------------------------------------------
     0 | D:1      | monsoonserge the Spriggan Artificer began the quest for the
                  | Orb.
     0 | D:1      | Reached XP level 1. HP: 9/9 MP: 2/2
   764 | D:2      | Reached XP level 2. HP: 14/14 MP: 3/3
   775 | D:2      | Found Bitakhluu's Antique Armour Shoppe.
   781 | D:2      | Bought a jewelled robe for 108 gold pieces
   781 | D:2      | Identified the +1 robe "Seamealu" {+Blink Dex+3} (You
                  | bought it in a shop on level 2 of the Dungeon)
  1002 | D:2      | Found Kot Vaudotz's Antique Armour Emporium.
  1012 | D:2      | Reached skill level 5 in Evocations
  1023 | D:2      | Found Gucyg's Armour Boutique.
  1179 | D:2      | Reached skill level 1 in Short Blades
  1180 | D:2      | Found Vada's Assorted Antiques.
  1190 | D:2      | Bought a fuming inky potion for 18 gold pieces
  1215 | D:2      | Found a faded altar of an unknown god.
  1222 | D:2      | Reached XP level 3. HP: 17/17 MP: 4/4
  1314 | D:2      | Bought a scroll labelled ATACVOOZUCH for 21 gold pieces
  2064 | D:3      | Reached XP level 4. HP: 19/21 MP: 5/5
  2078 | D:3      | Found a shimmering blue altar of Sif Muna.
  2351 | D:2      | Bought a scroll labelled QIH EGHIEF for 21 gold pieces
  2414 | D:4      | Noticed a scorpion
  2416 | D:4      | Noticed a black bear
  2550 | D:2      | Bought a scroll labelled VUCYLLE IHID for 21 gold pieces
  2605 | D:4      | Noticed a black bear
  2608 | D:4      | Killed a black bear
  2609 | D:4      | Reached skill level 1 in Fighting
  2609 | D:4      | Reached XP level 5. HP: 25/25 MP: 6/6
  2651 | D:4      | Killed a black bear
  2652 | D:4      | Reached skill level 6 in Evocations
  2652 | D:4      | Reached XP level 6. HP: 30/30 MP: 7/7
  2654 | D:4      | Noticed Ijyb
  2699 | D:4      | Killed Ijyb
  2890 | D:4      | Reached skill level 5 in Short Blades
  3072 | D:4      | Noticed Robin
  3457 | D:5      | Entered Level 5 of the Dungeon
  3464 | D:5      | Killed from afar by an orc priest

Illustrated notes

Levels and vault maps discovered:
D:1:      sevenhm_arrival_forest_fort_large_4, layout_loops_cross,
          kennysheep_decorative_pillar
D:2:      layout_loops_ring, serial_shops, shop, shop, shop, shop,
          hellmonk_ecumenical_altar_pennies_from_heaven
D:3:      layout_basic, old_standard_altar, nicolae_kite_square_tiling_tiny
D:4:      kennysheep_goblin_castle, layout_cave_pools, serial_shops,
          kennysheep_little_box, hex_tiny, minmay_fractal_squares_gapless_5,
          uniq_robin
D:5:      nicolae_cairo_tiling_very_big, layout_loops_ring,
          dreamdust_divine_triumvirate, nicolae_overflow_hidden_temple,
          biasface_ghost_orc_armoury, uniq_blork_the_orc, uniq_grinder

Skill      XL: |  1  2  3  4  5  6 |
---------------+-------------------+-----
Evocations     | 5 6 |  6.0
Short Blades   | 1 2 3 4 5 |  5.7
Stealth        | 2 |  2.0
Fighting       | 1 |  1.4
Dodging        | 4 |  4.8

Action                     |  1- 3 |  4- 6 || total
---------------------------+-------+-------++-------
  Melee: Club              |    25 |       ||    25
         Dagger            |   132 |   166 ||   298
         Punch             |     1 |     3 ||     4
Ability: Evoke Blink       |       |     1 ||     1
  Evoke: Wand              |       |    11 ||    11
    Use: Potion            |       |     1 ||     1
   Stab: Sleeping          |     6 |     5 ||    11
 Armour: Robe              |    33 |    56 ||    89
  Dodge: Dodged            |   121 |   162 ||   283
